Unix NetHack Version 5.0.0-0 post-release - last build May 31 2026 23:59:36 (970b52f25bf058293b47ddfd14a1e40e571c508c,branch:main).

Game began 2026-06-04 12:25:16, ended 2026-06-04 12:31:40.

Drastanta, neutral female gnomish Wizard

                          -----     --------------
                      ####....|     |............|
                      #   |...| ##  |..<.........|
                     ##   |...-#)#  |...)........|
        ----------   #    |...|# ###.............|
        |)[))[))))   #    |.... ####--------------
        |)))))))[).@@##   --.--
        |)))[[)))]
        ----------

Drastanta the Evoker      St:11 Dx:15 Co:12 In:19 Wi:9 Ch:10  Neutral
Dlvl:3  $:0  HP:0(13) Pw:18(18) AC:9  Xp:2 T:632 

Latest messages:
 The large box is locked.
 There's some graffiti on the floor here.
 You read: "Hurgrv?  Tnerc is ?n a|undance of ?ood on the rext leve".
 In what direction? 8
 You kick a locked large box.
 THUD!
 In what direction? 8
 You kick a locked large box.
 THUD!
 You break open the lock!
 You see here a broken large box.
 The large box is empty.
 You swap places with your kitten.
 There's some graffiti on the floor here.
 You read: "Hurgrv?  Tnerc is ?n a|undance of ?ood on the rext leve".
 You descend the stairs.
 You can't go up here.
 You climb up the stairs.
 You swap places with your kitten.
 You swap places with your kitten.
 You swap places with your kitten.
 $ - 3 gold pieces (27 in total).
 You see here a clear potion.
 q - a clear potion.
 You see here a food ration.
 r - a food ration.
 You descend the stairs.
 You see here 10 darts.
 You hear a door open.
 The goblin wields a crude dagger!
 You kill the goblin!
 Welcome to experience level 2.
 You see here a crude dagger.
 The door resists!
 The door resists!
 In what direction? 4
 As you kick the door, it crashes open!
 Eygurande appears next to you!
 "How dare you break my door?"
 Eygurande zaps a short wand!
 Boing!
 What do you want to throw? [$o or ?*] f
 In what direction? 4
 The jar crashes on Eygurande's head and breaks into shards.
 The potion of confusion evaporates.
 Eygurande hits!
 You die...
 Eygurande takes all your possessions.
 Do you want to see what you had when you died? [ynq] (y) y
 Do you want to see your attributes? [ynq] (y) q

Inventory:
 Weapons  (')')
  a - a blessed +1 quarterstaff (weapon in hands)
  o - a +0 silver mace
 Armor    ('[')
  b - an uncursed +0 cloak of magic resistance (being worn)
 Comestibles  ('%')
  r - an uncursed food ration
 Scrolls  ('?')
  j - 2 uncursed scrolls of identify
  i - a blessed scroll of light
  k - an uncursed scroll of magic mapping
  p - an uncursed scroll of scare monster
 Spellbooks  ('+')
  l - a blessed spellbook of force bolt
  m - an uncursed spellbook of remove curse
 Potions  ('!')
  h - an uncursed potion of invisibility
  g - an uncursed potion of see invisible
  q - an uncursed potion of water
 Rings    ('=')
  e - an uncursed +1 ring of gain strength (on right hand)
  d - an uncursed ring of slow digestion (on left hand)
 Wands    ('/')
  c - a wand of digging (0:7)
 Tools    ('(')
  n - a magic marker (0:19)

Drastanta the Wizard's attributes:

Background:
 You were an Evoker, a level 2 female gnomish Wizard.
 You were neutral, on a mission for Thoth
 who was opposed by Ptah (lawful) and Anhur (chaotic).
 You were right-handed.
 You were in the Dungeons of Doom, on level 3.
 You entered the dungeon 632 turns ago.
 You had 22 experience points, 18 more were needed to attain level 3.

Basics:
 You had 0 out of 13 hit points.
 You had all 18 energy points (spell power).
 Your armor class was 9.
 Your wallet was empty.
 Autopickup was on for '$' plus thrown.

Final Characteristics:
 Your strength was 11 (base:10, limit:18/50).
 Your dexterity was 15 (limit:18).
 Your constitution was 12 (limit:18).
 Your intelligence was 19 (limit:19).
 Your wisdom was 9 (limit:18).
 Your charisma was 10 (limit:18).

Final Status:
 You weren't hungry.
 You were unencumbered.
 You were wielding a quarterstaff.
 You had basic skill with quarterstaff.

Final Attributes:
 You were stridently aligned.
 You were magic-protected.
 You had infravision.
 You had slower digestion.
 You were warded.
 You are dead.

Miscellaneous:
 You didn't encounter any bones levels.
 Total elapsed playing time was 6 minutes and 24 seconds.

Major events:
 Turn
    1: Drastanta the neutral female gnomish Wizard entered the dungeon
  458: entered the Gnomish Mines
  632: killed by Mr. Eygurande; the shopkeeper

Spells:
 Name                 Level Category     Fail Retention
 force bolt             1   attack         0%  91%-100%
 remove curse           3   clerical      79%  76%-100%

Skills:
 Fighting Skills
   bare handed combat [Unskilled]
   riding             [Unskilled]
 Weapon Skills
   dagger             [Unskilled]
   knife              [Unskilled]
   axe                [Unskilled]
   short sword        [Unskilled]
   club               [Unskilled]
   mace               [Unskilled]
   quarterstaff       [Basic]
   polearms           [Unskilled]
   spear              [Unskilled]
   trident            [Unskilled]
   sling              [Unskilled]
   dart               [Unskilled]
   shuriken           [Unskilled]
 Spellcasting Skills
   attack spells      [Basic]
   healing spells     [Unskilled]
   divination spells  [Unskilled]
   enchantment spells [Basic]
   clerical spells    [Unskilled]
   escape spells      [Unskilled]
   matter spells      [Unskilled]

Voluntary challenges:
 Character rerolling was not enabled.
 You were an atheist.
 You were illiterate.
 You never genocided any monsters.
 You never polymorphed an object.
 You never changed form.
 You used no wishes.
Achievement:
 You entered the Gnomish Mines.

 The Dungeons of Doom: levels 1 to 3
    Level 1:
    Level 2:
       Stairs down to The Gnomish Mines.
    Level 3: <- You were here.
       Final resting place for
          you, killed by Mr. Eygurande; the shopkeeper.
 The Gnomish Mines:
    Level 3:


Vanquished creatures:
  a coyote
  a jackal
  a kobold
  2 goblins
  2 grid bugs
  2 lichens
  a kobold zombie
  2 newts
12 creatures vanquished.

No species were genocided or became extinct.

Game over:
                       ----------
                      /          \
                     /    REST    \
                    /      IN      \
                   /     PEACE      \
                  /                  \
                  |    Drastanta     |
                  |       0 Au       |
                  |  killed by Mr.   |
                  |  Eygurande; the  |
                  |    shopkeeper    |
                  |                  |
                  |       2026       |
                 *|     *  *  *      | *
        _________)/\\_//(\/(/\)/\//\/|_)_______

Goodbye Drastanta the Wizard...

You died in The Dungeons of Doom on dungeon level 3 with 188 points,
and 0 pieces of gold, after 632 moves.
You were level 2 with a maximum of 13 hit points when you died.

